 Dungeon Crawl Stone Soup version 0.27.0-1-g7a089689b8 (webtiles) character file.

Game seed: 15811712742006391169

131 MajorAdolf the Skirmisher (level 5, -9/82 HPs)
             Began as a Naga Wanderer on Aug 17, 2021.
             Mangled by Grinder (10 damage)
             ... on level 3 of the Dungeon.
             The game lasted 00:02:54 (2103 turns).

MajorAdolf the Skirmisher (Naga Wanderer)           Turns: 2103, Time: 00:02:55

Health: -9/82      AC: 22    Str: 12    XL:     5   Next: 14%
Magic:  5/5        EV:  1    Int: 14    God:
Gold:   97         SH:  0    Dex: 12    Spells: 4/4 levels left

rFire    . . .     SeeInvis +   a - +2 shortbow
rCold    . . .     Faith    .   (shield currently unavailable)
rNeg     + + +     Spirit   .   (armour currently unavailable)
rPois    +         Reflect  .   (helmet currently unavailable)
rElec    .         Harm     .   (cloak currently unavailable)
rCorr    .         Rampage  .   (gloves currently unavailable)
Will     .....     NoTele   +   (no barding)
Stlth    ++........             (no amulet)
HPRegen  0.23/turn              (no ring)
MPRegen  0.09/turn              (no ring)

@: tree-form
A: stationary, stasis, torment immunity, boosted hp, AC +1, large, see
invisible, (deformed body), (poison resistance), (slowness 2), spit poison 1,
(naga tail 1)
a: Spit Poison


You were on level 3 of the Dungeon.
You were a tree.
You visited 1 branch of the dungeon, and saw 3 of its levels.

You collected 97 gold pieces.

Inventory:

Hand Weapons
 a - a +2 shortbow (weapon)
 i - a +1 short sword of holy wrath
 m - a +0 dagger of speed
Missiles
 b - 21 arrows (quivered ammo)
Armour
 e - a +0 robe (melded)
 g - a +0 barding (melded)
 k - a +0 cloak (melded)
 n - a +0 helmet (melded)
Scrolls
 d - 2 scrolls of teleportation
 f - a scroll of holy word {unknown}
 j - a scroll of vulnerability {unknown}
 l - a scroll of identify {unknown}
Potions
 h - 3 potions of curing {unknown}
 o - 2 potions of heal wounds {unknown}


   Skills:
 + Level 6.3 Fighting
 - Level 1.7 Bows
 - Level 1.0 Armour
 - Level 1.0 Dodging
 - Level 1.5 Stealth
 - Level 1.0 Evocations


You had 4 spell levels left.
You didn't know any spells.
Your spell library was empty.

Dungeon Overview and Level Annotations

Branches:
Dungeon (3/15)

Altars:
Trog

Shops:
D:1 (

Annotations:
D:3 Grinder


Innate Abilities, Weirdness & Mutations

You are a tree.
Your roots penetrate the ground, keeping you stationary.
You cannot be teleported.
You are immune to unholy pain and torment.
Your maximum health is greatly increased.
Your equipment is partially melded.
((Your serpentine skin is tough. (AC +1)))
You have supernaturally acute eyesight. (SInv)
((Armour fits poorly on your strangely shaped body.))
((Your system is resistant to poisons. (rPois)))
((You cover ground very slowly.))
You can spit poison.
((You have a snake-like lower body.))


Message History

Grinder hits you but does no damage. Grinder hits you.
Grinder hits you but does no damage. Grinder hits you!
Grinder hits you but does no damage. x2
You can move again.
Fire: 26 arrows
Press: ? - help, Q - select action, (/) - cycle Shift-Dir - straight line, f/p - Grinder
Aim: Grinder (lightly wounded, strong, 60% to hit)
You shoot an arrow. The arrow closely misses Grinder.
Grinder hits you.
* * * LOW HITPOINT WARNING * * *
Fire: 25 arrows
Press: ? - help, Q - select action, (/) - cycle Shift-Dir - straight line, f/p - Grinder
Aim: Grinder (lightly wounded, strong, 60% to hit)
You shoot an arrow. The arrow barely misses Grinder.
Grinder hits you but does no damage.
Fire: 24 arrows
Press: ? - help, Q - select action, (/) - cycle Shift-Dir - straight line, f/p - Grinder
Aim: Grinder (lightly wounded, strong, 60% to hit)
You shoot an arrow. The arrow hits Grinder.
Grinder is moderately wounded.
Grinder hits you!
* * * LOW HITPOINT WARNING * * *
Okay, then.
Fire: 23 arrows
Press: ? - help, Q - select action, (/) - cycle Shift-Dir - straight line, f/p - Grinder
Aim: Grinder (moderately wounded, strong, 60% to hit)
You shoot an arrow. The arrow hits Grinder!
Grinder is heavily wounded.
Grinder hits you!
* * * LOW HITPOINT WARNING * * *
Grinder hits you but does no damage.
Fire: 22 arrows
Press: ? - help, Q - select action, (/) - cycle Shift-Dir - straight line, f/p - Grinder
Aim: Grinder (heavily wounded, strong, 60% to hit)
You shoot an arrow. The arrow hits Grinder.
Grinder is severely wounded.
Grinder hits you!
You die...

......................#.#
#......
.............>..(.....#.
#......
.....................
#.....#
......##............#
...#....
......##............#
..##.#..
......##............# ..
#.#..
......##........(...#
#.#..
###..........###5...# ###
###.............♣...# ###
.##...###+###'###+###
.... .##...#..#.......#
#... ......#..#.......#
.... ......+..'###+###+
.... ......#..#.+...+.#
.... ....#.#†.#.#...#.#
....
....#.+##'.#._.#.+##+
....
....###..#.#...#.#..# ###


You could see Grinder (strong).

Vanquished Creatures
  Jessica (D:3)
  Natasha (D:2)
  Robin (D:3)
  An adder (D:2)
  A dart slug (D:2)
  2 bats
  5 endoplasms
  A giant cockroach (D:1)
  13 goblins
  4 hobgoblins
  7 kobolds
  A quokka (D:2)
  6 ball pythons
  4 frilled lizards
  4 rats
52 creatures vanquished.

Notes
Turn   | Place    | Note
-------+----------+-------------------------------------------
     0 | D:1      | MajorAdolf the Naga Wanderer began the quest for the Orb.
     0 | D:1      | MajorAdolf set off with the following items: a +2 shortbow,
                  | 25 arrows, a potion of lignification, a scroll of
                  | teleportation, a +0 robe
     0 | D:1      | Reached XP level 1. HP: 22/22 MP: 1/1
     2 | D:1      | Noticed a barachi
     8 | D:1      | Noticed a demigod
    13 | D:1      | Noticed an octopode
    15 | D:1      | Noticed an octopode
   208 | D:1      | Found Wyrraagg's Weapon Boutique.
   214 | D:1      | Reached XP level 2. HP: 31/31 MP: 2/2
   265 | D:1      | Found a faded altar of an unknown god.
   611 | D:2      | Reached XP level 3. HP: 38/38 MP: 3/3
   709 | D:2      | Reached skill level 5 in Fighting
  1305 | D:2      | Noticed Natasha
  1311 | D:2      | Killed Natasha
  1312 | D:2      | Reached XP level 4. HP: 48/48 MP: 4/4
  1570 | D:3      | Noticed Robin
  1598 | D:3      | Killed Robin
  1610 | D:3      | Reached skill level 6 in Fighting
  1734 | D:3      | Noticed Jessica
  1740 | D:3      | Killed Jessica
  1741 | D:3      | Reached XP level 5. HP: 46/55 MP: 5/5
  1930 | D:3      | Found a bloodstained altar of Trog.
  2084 | D:3      | Noticed Grinder
  2092 | D:3      | Paralysed by Grinder for 7 turns
  2102 | D:3      | HP: 1/82 [Grinder (12)]
  2103 | D:3      | Mangled by Grinder

Illustrated notes

Levels and vault maps discovered:
D:1:      shiori_arrival_whats_in_store_for_you, layout_basic,
          hellmonk_ecumenical_altar_leap_of_faith, serial_shops, shop
D:2:      layout_basic, uniq_natasha
D:3:      layout_basic, mainiacjoe_overflow_24_doors, uniq_crazy_yiuf_cottage,
          uniq_jessica, uniq_grinder, uniq_robin

Skill      XL: |  1  2  3  4 |
---------------+-------------+-----
Fighting       | 5 6 |  6.3
Bows           | |  1.7
Armour         | |  1.0
Dodging        | |  1.0
Stealth        | |  1.5
Evocations     | |  1.0

Action                   |  1- 3 |  4- 6 || total
-------------------------+-------+-------++-------
Melee: Short sword       |    35 |    43 ||    78
 Fire: Shortbow          |    50 |    27 ||    77
 Abil: Spit Poison       |     2 |     1 ||     3
  Use: Potion            |       |     1 ||     1
 Stab: Sleeping          |     1 |     1 ||     2
Armor: Robe              |    23 |    18 ||    41
       Skin              |       |     6 ||     6
Dodge: Dodged            |    23 |    27 ||    50
